 Dungeon Crawl Stone Soup version 0.29.1-13-g9f3cf754e1 (webtiles) character file.

Game seed: 10697308508730847338

25 OTABOTABOTAB the Caller (level 3, 0/21 HPs)
             Began as an Octopode Summoner on Jan 30, 2023.
             Succumbed to an adder's poison
             ... on level 2 of the Dungeon.
             The game lasted 00:03:34 (1034 turns).

OTABOTABOTAB the Caller (Octopode Summoner)         Turns: 1034, Time: 00:03:34

Health: 0/21       AC:  1    Str: 11    XL:     3   Next: 6%
Magic:  2/6        EV: 13    Int: 18    God:
Gold:   88         SH:  0    Dex: 11    Spells: 4/7 levels left

rFire   . . .      SeeInvis .   b - +1 dagger (venom)
rCold   + . .      Faith    .   (no shield)
rNeg    . . .      Spirit   .   (helmet restricted)
rPois   .          Reflect  .   (no amulet)
rElec   .          Harm     .   C - ring of protection from cold {rC+, !d}
rCorr   .          Rampage  .   (no ring)
Will    .....                   (no ring)
Stlth   +++.......              (no ring)
HPRegen 0.07/turn               (no ring)
MPRegen 0.10/turn               (no ring)
                                (no ring)
                                (no ring)

@: brilliant, lethally poisoned (0 -> -1)
A: almost no armour, amphibious, 8 rings, camouflage 1, gelatinous body 1,
(nimble swimmer 1), tentacles, tentacle spike 1, low MP 1, strong 1
a: no special abilities


You were on level 2 of the Dungeon.
You visited 1 branch of the dungeon, and saw 2 of its levels.

You collected 88 gold pieces.

Inventory:

Hand Weapons
 b - a +1 dagger of venom (weapon)
   (You took it off a goblin on level 1 of the Dungeon)
Missiles
 s - 26 stones (quivered)
Magical Staves
 d - a staff of poison {rPois}
   (You found it on level 1 of the Dungeon)
Jewellery
 C - a ring of protection from cold (left tentacle) {rC+, !d}
   (You found it on level 1 of the Dungeon)
Scrolls
 e - 2 scrolls of teleportation {unknown}
 f - a scroll of amnesia {unknown}
 g - a scroll of identify {unknown}
 h - a scroll of immolation {unknown}
 i - a scroll of silence {unknown}
 k - a scroll of acquirement {unknown}


   Skills:
 - Level 2.0 Dodging
 - Level 2.6 Stealth
 + Level 2.6 Spellcasting
 + Level 4.4 Summonings


You had 4 spell levels left.
You knew the following spells:

 Your Spells              Type           Power      Damage    Failure   Level
a - Summon Small Mammal   Summ           100%       N/A       2%          1
c - Call Imp              Summ           27%        N/A       4%          2

Your spell library contained the following spells:

 Spells                   Type           Power      Damage    Failure   Level
 Call Canine Familiar     Summ           27%        N/A       9%          3
 Summon Guardian Golem    Hex/Summ       15%        N/A       21%         3
 Summon Lightning Spire   Summ/Air       15%        N/A       56%         4


Dungeon Overview and Level Annotations

Branches:
Dungeon (1/15)

Altars:


Innate Abilities, Weirdness & Mutations

You cannot wear most types of armour.
You are amphibious.
You can wear up to eight rings at the same time.
Your skin changes colour to match your surroundings (Stealth+).
Your rubbery body absorbs attacks. (AC +1, EV +1)
((You are camouflaged when in or above water. (Stealth+)))
You have tentacles for arms and can constrict up to eight enemies at once.
One of your tentacles bears a spike.
Your magical capacity is low. (-10% MP)
Your muscles are strong. (Str +4, Int/Dex -1)


Message History

You now have 0/5 mp.
Your rat bites the adder.
Your crimson imp looks more healthy.
Your rat closely misses the adder.
The adder attacks as you move away! The adder bites you.
The adder closely misses you.
You take 2 damage, and have 15/17 hp.
The adder bites you.
Your rat bites the adder.
You take 1 damage, and have 14/17 hp.
You swap places.
The adder barely misses you.
Your crimson imp blinks!
Your rat closely misses the adder.
The adder bites you.
You are poisoned.
The adder poisons you!
Your rat closely misses the adder.
You take 3 damage, and have 11/17 hp.
The adder attacks as you move away! The adder bites you.
You feel sick.
You take 4 damage, and have 7/17 hp.
MASSIVE DAMAGE!!
Unknown command.
The adder attacks as you move away! The adder bites you.
* * * LOW HITPOINT WARNING * * *
x2 You feel sick.
You take 4 damage, and have 3/17 hp.
MASSIVE DAMAGE!!
It was a potion of brilliance.
You feel clever all of a sudden.
* * * LOW HITPOINT WARNING * * *
You feel sick. The adder barely misses you.
Your crimson imp blinks!
Your rat barely misses the adder.
You take 1 damage, and have 2/17 hp.
It was a potion of mutation.
You feel extremely strange.
You feel less energetic.
One of your lower tentacles grows a sharp spike.
You feel stronger.
* * * LOW HITPOINT WARNING * * *
You feel sick.
The adder barely misses you. x2; Your rat bites the adder.
Your crimson imp blinks!
You take 1 damage, and have 1/17 hp.
It was a potion of heal wounds.
You feel much better.
You feel sick. The adder closely misses you.
Your rat bites the adder.
You regained 15 hp, and now have 16/17 hp.
You feel a surge of power!
You feel sick. The adder bites your rat.
Your rat dies!
Your rat's corpse disappears in a puff of smoke!
You take 1 damage, and have 15/17 hp.
You now have 0/4 mp.
You feel sick.
You are no longer poisoned.
Your quokka misses the adder. The adder bites your quokka.
Your quokka is poisoned.
The adder poisons your quokka!
You take 1 damage, and have 14/17 hp.
Your crimson imp disappears in a puff of smoke!
The adder bites your quokka.
Your quokka dies!
Your quokka's corpse disappears in a puff of smoke!
Magic courses through your body.
MP restored: 4 You feel a surge of power!
A metallic apparition takes form in the air.
The adder bites you. The adder misses you.
You take 1 damage, and have 13/17 hp.
You now have 3/4 mp.
You feel a surge of power! The adder bites you.
You take 2 damage, and have 11/17 hp.
You now have 2/4 mp.
You feel a surge of power!
Your bat misses the adder. The adder bites you.
You take 1 damage, and have 10/17 hp.
You now have 1/4 mp.
Your bat misses the adder. The adder bites you.
You are lethally poisoned!
The adder poisons you!
Your iron imp misses the adder.
You take 4 damage, and have 6/17 hp.
MASSIVE DAMAGE!!
You aren't carrying any potions.
Unknown command.
* * * LOW HITPOINT WARNING * * *
You feel sick.
Your bat hits the adder.
The adder dies!
You have reached level 3!
Your experience leads to an increase in your attributes!
Your base attributes are Str 7, Int 17, Dex 12.
Increase (s)trength, (i)ntelligence, or (d)exterity?
You feel clever. x2
You take 1 damage, and have 5/21 hp.
There is a lethal amount of poison in your body!
Unknown command.
There is a lethal amount of poison in your body!
Unknown command.
* * * LOW HITPOINT WARNING * * *
You feel sick.
You take 1 damage, and have 4/21 hp.
* * * LOW HITPOINT WARNING * * *
You feel sick.
You take 1 damage, and have 3/21 hp.
* * * LOW HITPOINT WARNING * * *
You feel sick.
You take 1 damage, and have 2/21 hp.
* * * LOW HITPOINT WARNING * * *
You feel sick.
You take 1 damage, and have 1/21 hp.
You die...

.. ..... ##. .#.##.#
#..#......#####
#............... #.##..#
.#.#.#. #.##..##.......
#.##...........
#..#.....#.....
##.@........... .#
#r5b.......... ...###
##.............
#....###..............
#...#..............
############................
..........###...............
..........# ##..............
..........###.........#.....


You could see a friendly iron imp (summoned), a friendly quokka (summoned) and a
friendly bat (summoned).

Vanquished Creatures (collateral kills)
  An adder (D:2)
  3 endoplasms (D:1)
  2 goblins (D:1)
  3 jackals (D:1)
  3 kobolds (D:1)
  A bat (D:1)
  2 frilled lizards (D:1)
15 creatures vanquished.

Notes
Turn   | Place    | Note
-------+----------+-------------------------------------------
     0 | D:1      | OTABOTABOTAB the Octopode Summoner began the quest for the
                  | Orb.
     0 | D:1      | Reached XP level 1. HP: 11/11 MP: 3/3
   234 | D:1      | Reached XP level 2. HP: 15/17 MP: 1/5
   329 | D:1      | Learned a level 2 spell: Call Imp
   927 | D:1      | You fall into a shaft and drop 1 floor!
  1017 | D:2      | HP: 4/17 [adder (3)]
  1019 | D:2      | Gained mutation: Your magical capacity is low. (-10% MP)
                  | [potion of mutation]
  1019 | D:2      | Gained mutation: One of your tentacles bears a spike.
                  | [potion of mutation]
  1019 | D:2      | Gained mutation: Your muscles are strong. (Str +4, Int/Dex
                  | -1) [potion of mutation]
  1019 | D:2      | HP: 1/17 [poisoned by an adder]
  1029 | D:2      | HP: 4/17 [poisoned by an adder]
  1030 | D:2      | Reached XP level 3. HP: 5/21 MP: 1/6
  1033 | D:2      | HP: 1/21 [poisoned by an adder]
  1034 | D:2      | Succumbed to an adder's poison

Illustrated notes

Levels and vault maps discovered:
D:1:      spicycebolla_arrival_xxxplode, layout_basic, chequers_mini_garden
D:2:      layout_rooms, uniq_natasha, uniq_terence

Action                   || total
-------------------------++-------
 Cast: Summon Small Mamm ||    29
       Call Imp          ||     8
  Use: Potion            ||     4
Armor: Skin              ||     1
Dodge: Dodged            ||    14

Table legend: (Time is in decaauts)
 A = Elapsed time spent in this place.
 B = Non-inter-level travel time spent in this place.
 C = Inter-level travel time spent in this place.
 D = Time resting spent in this place.
 E = Time spent auto-exploring this place.
 F = Levels seen in this place.
 G = Mean time per level.
                   A        B        C        D        E       F      G
               +--------+--------+--------+--------+--------+-----+--------+
         Total |   1032 |   1032 |      0 |     86 |    749 |   2 |  516.0 |
       Dungeon |   1032 |   1032 |      0 |     86 |    749 |   2 |  516.0 |
               +--------+--------+--------+--------+--------+-----+--------+

Top non-repeatable levels by time:
     D:1: 926 daAuts
     D:2: 106 daAuts

Table legend:
 A = Kills in this place as a percentage of kills in entire the game.
 B = Kills by you in this place as a percentage of kills by you in the entire game.
 C = Kills by friends in this place as a percentage of kills by friends in the entire game.
 D = Other kills in this place as a percentage of other kills in the entire game.
 E = Experience gained in this place as a percentage of experience gained in the entire game.
 F = Experience gained in this place divided by the number of levels of this place that you have seen.
                   A       B       C       D       E      F
               +-------+-------+-------+-------+-------+----------------------
         Total | 100.0 |   N/A | 100.0 |   N/A | 100.0 |  18.5
       Dungeon | 100.0 |   N/A | 100.0 |   N/A | 100.0 |  18.5
               +-------+-------+-------+-------+-------+----------------------
